 Dungeon Crawl Stone Soup version 0.27.1-37-g7b29ead8ac (webtiles) character file.

Game seed: 8623215510645910123

1358 cbfl8 the Cleaver (level 8, -2/67 HPs)
             Began as a Minotaur Gladiator on June 2, 2023.
             Was a Believer of Yredelemnul.
             Shot with an arrow by a centaur (6 damage)
             ... on level 5 of the Dungeon.
             The game lasted 00:06:33 (4374 turns).

cbfl8 the Cleaver (Minotaur Gladiator)              Turns: 4374, Time: 00:06:34

Health: -2/67      AC:  7    Str: 20    XL:     8   Next: 37%
Magic:  8/8        EV: 12    Int:  5    God:    Yredelemnul [**....]
Gold:   241        SH:  0    Dex: 13    Spells: 7/7 levels left

rFire    . . .     SeeInvis .   a - +0 war axe
rCold    + . .     Faith    +   (no shield)
rNeg     . . .     Spirit   .   u - +0 ring mail
rPois    .         Reflect  .   c - +0 hat
rElec    .         Harm     .   (no cloak)
rCorr    +         Rampage  .   (no gloves)
Will     .....                  r - +0 pair of boots
Stlth    +.........             v - amulet of faith
HPRegen  0.21/turn              m - ring of resist corrosion
MPRegen  0.11/turn              z - ring of protection from cold

@: no status effects
A: horns 2, retaliatory headbutt
a: Renounce Religion, Animate Remains, Recall Undead Slaves, Injury Mirror


You were on level 5 of the Dungeon.
You worshipped Yredelemnul.
Yredelemnul was pleased with you.
You visited 1 branch of the dungeon, and saw 5 of its levels.
You also visited: Sewer.

You collected 241 gold pieces.

Inventory:

Hand Weapons
 a - a +0 war axe (weapon)
Missiles
 d - 3 throwing nets (quivered)
Armour
 c - a +0 hat (worn)
 r - a +0 pair of boots (worn)
 u - a +0 ring mail (worn)
Jewellery
 m - a ring of resist corrosion (left hand)
 v - an amulet of faith (around neck)
 z - a ring of protection from cold (right hand)
Wands
 n - a wand of iceblast (19)
Scrolls
 f - a scroll of teleportation
 g - a scroll of fog {unknown}
 h - a scroll of blinking {unknown}
 k - a scroll of magic mapping
 x - 2 scrolls of enchant armour {unknown}
 y - 2 scrolls of immolation {unknown}
Potions
 b - a potion of lignification {unknown}
 e - 3 potions of curing
 i - a potion of heal wounds {unknown}
 j - 3 potions of attraction
 l - a potion of flight {unknown}
 s - 2 potions of degeneration {unknown}
 t - a potion of haste {unknown}
 w - a potion of berserk rage


   Skills:
 + Level 4.5 Fighting
 + Level 8.4 Axes
 + Level 2.1 Throwing
 + Level 4.4 Armour
 + Level 4.9 Dodging
 + Level 0.8 Stealth
 + Level 1.3 Invocations
 * Level 4.1 Evocations


You had 7 spell levels left.
You didn't know any spells.
Your spell library contained the following spells:

 Spells                   Type           Power      Damage    Failure   Level
 Corpse Rot               Necr/Air       N/A        N/A       78%         2
 Dispel Undead            Necr           0%         3d6       100%        4
 Death Channel            Necr           0%         N/A       100%        6


Dungeon Overview and Level Annotations

Branches:
Dungeon (5/15)              Sewer (visited)
 Temple: D:4-7

Altars:
Gozag
Yredelemnul

Shops:
D:3 *   D:4 :


Innate Abilities, Weirdness & Mutations

You have a pair of horns on your head.
You reflexively headbutt those who attack you in melee.


Message History

Found a robe.
Okay, then.
Okay, then.
You begin recalling your allies.
Your orc wizard zombie is recalled.
You finish recalling your allies.
The centaur shoots an arrow.
The arrow barely misses you.
The centaur shoots an arrow.
The arrow misses you.
The centaur shoots an arrow.
The arrow hits you!
The centaur shoots an arrow.
The arrow hits you but does no damage.
The centaur shoots an arrow.
The arrow barely misses you.
The centaur shoots an arrow.
The arrow closely misses you.
The centaur shoots an arrow.
The arrow closely misses you. The white imp gestures at you.
The puff of frost hits you. You resist.
The centaur shoots an arrow.
The arrow hits you but does no damage.
The centaur shoots an arrow.
The arrow closely misses you.
The centaur shoots an arrow.
The arrow barely misses you.
The yak bellows!
You hear a bellow!
Your orc wizard zombie hits the white imp but does no damage.
The yak bellows!
Something hits your orc wizard zombie. Something kicks your orc wizard zombie.
The white imp gestures at you. The puff of frost hits you. You resist.
The yak bellows!
The centaur wields a +0 shortbow.
The centaur shoots an arrow.
The arrow hits you but does no damage. The white imp gestures at you.
The puff of frost hits you. You resist.
* * * LOW HITPOINT WARNING * * *
The centaur shoots an arrow.
The arrow hits you!
* * * LOW HITPOINT WARNING * * *
The centaur shoots an arrow.
The arrow hits you.
* * * LOW HITPOINT WARNING * * *
The white imp gestures at you. The puff of frost misses you.
The centaur shoots an arrow.
The arrow hits you but does no damage.
The centaur shoots an arrow.
The arrow hits you.
You die...
Your body rises from the dead as a mindless zombie.

......#..#.....#...<<###......#
##....#.......Z......# #....##
#.....#........Y....## .....#
#####..##....YY...>...## ##.###
...##.......#c5.Y......## .#
#......#.......Y.......# #
#......#..............##
##......................#
#..##.......##..@......##
##.#))....#..#..^......##
#..).....##.##..........#
.............#........#..#
.........Z####..........##
..........###.##.....####
....#............#..##
..#.#............####
..#...............#


You could see 5 yaks, a centaur, a white imp and a water moccasin zombie.

Vanquished Creatures
  Grinder (D:3)
  A water moccasin (Sewer)
  A sky beast (D:5)
  3 ogres
  A black bear (D:5)
  2 necrophages (D:5)
  A bullfrog (D:4)
  A water moccasin zombie (D:5)
  A hound (D:4)
  Ijyb (D:4)
  Jessica (D:3)
  2 iguanas (D:4)
  2 orc wizards
  A hound skeleton (D:5)
  6 adders
  2 ufetubi
  2 dart slugs
  14 orcs
  2 ball pythons
  10 endoplasms
  8 giant cockroaches
  4 goblins
  5 hobgoblins
  4 jackals (D:1)
  6 quokkas
  10 bats
  2 frilled lizards (D:1)
  6 kobolds
  6 rats
106 creatures vanquished.

Vanquished Creatures (others)
  A dart slug (D:5)
  A necrophage skeleton (D:5)
  2 orc zombies (D:5)
4 creatures vanquished.

Grand Total: 110 creatures vanquished

Notes
Turn   | Place    | Note
-------+----------+-------------------------------------------
     0 | D:1      | cbfl8 the Minotaur Gladiator began the quest for the Orb.
     0 | D:1      | Reached XP level 1. HP: 18/18 MP: 0/0
   130 | D:1      | Found a faded altar of an unknown god.
   156 | D:1      | Reached XP level 2. HP: 25/25 MP: 1/1
   217 | D:1      | Reached skill level 4 in Axes
   807 | D:2      | Found a basalt altar of Yredelemnul.
   872 | D:2      | Reached XP level 3. HP: 30/30 MP: 2/2
   979 | D:2      | Became a worshipper of Yredelemnul the Dark
  1451 | D:3      | Found an opulent altar of Gozag.
  1456 | D:3      | Found Gozag's Platinum Reserve.
  1503 | D:3      | Noticed Jessica
  1507 | D:3      | Killed Jessica
  1508 | D:3      | Reached skill level 1 in Armour
  1508 | D:3      | Reached skill level 1 in Evocations
  1528 | D:3      | Reached XP level 4. HP: 30/37 MP: 3/3
  1591 | D:3      | Reached skill level 5 in Axes
  1658 | D:3      | Noticed Grinder
  1669 | D:3      | Paralysed by Grinder for 2 turns
  1677 | D:3      | Paralysed by Grinder for 3 turns
  1683 | D:3      | Paralysed by Grinder for 5 turns
  1689 | D:3      | Killed Grinder
  1690 | D:3      | Reached skill level 6 in Axes
  1690 | D:3      | Reached XP level 5. HP: 15/45 MP: 4/4
  1690 | D:3      | Reached XP level 6. HP: 17/51 MP: 5/5
  2429 | D:3      | Reached * piety under Yredelemnul
  2460 | D:4      | Noticed Ijyb
  2471 | D:4      | Killed Ijyb
  2731 | D:4      | Found Vyupsuh's Book Shoppe.
  3015 | D:4      | Reached XP level 7. HP: 54/58 MP: 6/6
  3124 | D:4      | Found a glowing drain.
  3137 | Sewer    | Entered a sewer
  3182 | Sewer    | Reached skill level 7 in Axes
  3470 | D:4      | Reached ** piety under Yredelemnul
  3684 | D:5      | Entered Level 5 of the Dungeon
  4117 | D:5      | Reached skill level 1 in Invocations
  4117 | D:5      | Reached XP level 8. HP: 58/66 MP: 7/7
  4123 | D:5      | Reached skill level 8 in Axes
  4374 | D:5      | Shot with an arrow by a centaur

Illustrated notes

Levels and vault maps discovered:
D:1:      dpeg_arrival_lava_temple_mockup, layout_rooms,
          hellmonk_ecumenical_altar_dog_temple, minmay_misc_feat_chi,
          grunt_decor_cap
D:2:      layout_loops_ring, basic_altar, minmay_quantized
D:3:      layout_loops_ring, nicolae_gozag_zags_fifth_avenue, uniq_jessica,
          uniq_grinder
D:4:      layout_loops_cross, gup_sewer_entry_pipe, serial_shops, shop,
          uniq_ijyb
D:5:      layout_cave_pools, nicolae_ru_sacrificial_ziggurat,
          grunt_ministairs_12, lemuel_flamethrower_2

Skill      XL: |  1  2  3  4  5  6  7  8 |
---------------+-------------------------+-----
Axes           | 4 6 7 8 |  8.4
Armour         | 1 2 3 4 |  4.4
Evocations     | 1 2 3 4 |  4.1
Fighting       | 3 4 |  4.5
Dodging        | 4 |  4.9
Invocations    | 1 |  1.3
Throwing       | |  2.1
Stealth        | |  0.8

Action                   |  1- 3 |  4- 6 |  7- 9 || total
-------------------------+-------+-------+-------++-------
Melee: War axe           |    51 |    68 |   100 ||   219
       Headbutt          |     8 |    19 |    16 ||    43
Invok: Animate Remains   |       |       |     7 ||     7
       Recall Undead Sla |       |       |     1 ||     1
  Use: Scroll            |       |       |     6 ||     6
 Stab: Sleeping          |       |     1 |       ||     1
Armor: Leather armour    |     8 |     8 |       ||    16
       Ring mail         |       |     4 |    40 ||    44
Dodge: Dodged            |    32 |    58 |    93 ||   183
